 Dungeon Crawl Stone Soup version 0.21.1-1-g345015f (webtiles) character file.

3103 sankara the Covert (level 9, -8/70 HPs)
             Began as a Grey Draconian Enchanter on Feb 15, 2018.
             Was a High Priest of Dithmenos.
             Mangled by a two-headed ogre
             ... wielding a +0 giant club
              (15 damage)
             ... on level 8 of the Dungeon.
             The game lasted 00:43:27 (11379 turns).

sankara the Covert (Grey Draconian Enchanter)      Turns: 11379, Time: 00:43:28

Health: -8/70      AC: 13    Str: 12    XL:     9   Next: 59%
Magic:  13/13      EV: 14    Int: 17    God:    Dithmenos [*****.]
Gold:   363        SH:  0    Dex: 12    Spells: 3/14 levels left

rFire    . . .     SeeInvis .   b - +2 dagger (holy)
rCold    + . .     Gourm    .   (no shield)
rNeg     . . .     Faith    +   (armour unavailable)
rPois    +         Spirit   .   (helmet restricted)
rElec    +         Reflect  .   i - +1 cloak
rCorr    .         Harm     .   (no gloves)
MR       .....                  v - -2 pair of boots (curse)
Stlth    ++++++....             t - amulet of faith
HPRegen  0.21/turn              u - +1 ring of evasion
MPRegen  0.13/turn              y - ring of protection from cold

@: flying, wreathed by umbra
A: walk through water, unfitting armour, antennae 1, big wings, talons 1, poison
resistance, electricity resistance, unbreathing, cold-blooded, MP-powered wands,
AC +12
a: Stop Flying, Shadow Step, Shadow Form, Renounce Religion


You were on level 8 of the Dungeon.
You worshipped Dithmenos.
Dithmenos was extremely pleased with you.
You were not hungry.

You visited 1 branch of the dungeon, and saw 8 of its levels.
You also visited: Sewer.

You collected 363 gold pieces.

Inventory:

Hand Weapons
 a - a +0 falchion
 b - a +2 dagger of holy wrath (weapon)
 c - a +0 hunting sling
 B - a +2 dagger
Missiles
 f - 153 stones (quivered)
 r - 3 throwing nets
 w - 64 sling bullets
 z - 34 poisoned needles
 G - 5 tomahawks
 H - 3 steel tomahawks
Armour
 i - a +1 cloak (worn)
 v - a cursed -2 pair of boots (worn)
Jewellery
 t - an amulet of faith (around neck)
 u - a +1 ring of evasion (left hand)
 y - a ring of protection from cold (right hand)
Wands
 q - a wand of iceblast (11)
Scrolls
 e - 2 scrolls of identify
 p - a scroll of amnesia
 s - a scroll of teleportation
 x - 2 scrolls of blinking
 C - a scroll of enchant weapon
 E - a scroll of remove curse
Potions
 g - 5 potions of curing
 h - a potion of lignification
 k - 3 potions of invisibility
 l - 3 potions of flight
 m - 3 potions of berserk rage
 n - 2 potions of haste
 D - a potion of magic
Books
 j - a book of Maledictions

   Spells                             Type                      Level
   a - Corona                         Hexes                        1
   b - Ensorcelled Hibernation        Hexes/Ice                    2
   c - Confuse                        Hexes                        3
   d - Tukima's Dance                 Hexes                        3
   e - Dazzling Spray                 Conjuration/Hexes            3
 A - a book of Callings

   Spells                             Type                      Level
   a - Summon Small Mammal            Summoning                    1
   b - Call Imp                       Summoning                    2
   c - Call Canine Familiar           Summoning                    3
   d - Summon Guardian Golem          Hexes/Summoning              3
   e - Summon Lightning Spire         Summoning/Air                4
   f - Summon Ice Beast               Ice/Summoning                4
Miscellaneous
 d - a phial of floods
Comestibles
 o - 20 rations
 F - 2 chunks of flesh


   Skills:
 + Level 3.5 Fighting
 - Level 1.0(3.1) Short Blades
 + Level 4.7(4.8) Long Blades
 + Level 3.2 Dodging
 + Level 9.1 Stealth
 + Level 3.3 Spellcasting
 - Level 2.0 Conjurations
 + Level 6.4 Hexes
 - Level 2.0 Ice Magic


You had 3 spell levels left.
You knew the following spells:

 Your Spells              Type           Power        Failure   Level  Hunger
a - Ensorcelled Hibernat  Hex/Ice        ###...       4%          2    ##.....
b - Confuse               Hex            ###.....     3%          3    ###....
c - Tukima's Dance        Hex            ###.....     3%          3    ###....
d - Dazzling Spray        Conj/Hex       ###...       9%          3    ###....


Dungeon Overview and Level Annotations

Branches:
Dungeon (8/15)             Temple (0/1) D:7
   Lair: D:8-11

Altars:
Ashenzari
Dithmenos
Fedhas
Gozag
Kikubaaqudgha
Makhleb
Nemelex Xobeh
Ru
Xom

Shops:
D:6 (   D:7 ?


Innate Abilities, Weirdness & Mutations

You can walk through water.
Your dull iron-grey scales are very hard. (AC +12)
You cannot fit into any form of body armour.
You can survive without breathing.
You are cold-blooded and may be slowed by cold attacks.
You have a pair of small antennae on your head.
Your large and strong wings let you fly indefinitely.
You have sharp toenails.
Your system is resistant to poisons. (rPois)
You are resistant to electric shocks. (rElec)
You expend magic power (3 MP) to strengthen your wands.


Message History

The two-headed ogre hits you with a giant club!
You completely miss the two-headed ogre.
The two-headed ogre is severely wounded.
The two-headed ogre hits you with a giant club!
The two-headed ogre closely misses you.
You barely miss the two-headed ogre.
The two-headed ogre is severely wounded.
You hit the two-headed ogre.
Your tail-slap misses the two-headed ogre.
The two-headed ogre is almost dead.
The two-headed ogre misses you.
You riposte.
You hit the two-headed ogre.
The two-headed ogre is almost dead.
The two-headed ogre hits you with a giant club!
You are too injured to fight recklessly!
Your +2 dagger of holy wrath softly glows with a divine radiance!
b - a +2 dagger of holy wrath (weapon)
The two-headed ogre hits you with a giant club!!
* * * LOW HITPOINT WARNING * * *
The two-headed ogre hits you with a giant club!
You die...

...... #..#.............
......##<.#.............
.>........'............#
..........#............#
......##..#.........(..#
......##..#............#
..........#........#####
........).#........# ...
.......@..#........# ...
.(....O...#........# .##
..........+........#####
..##..##+##........+....
. #.. .........#.... ...
........#..## ....
###..## .##. .......
.......


You could see a two-headed ogre.

Vanquished Creatures
  Joseph (D:7)
  A hippogriff (D:7)
  An orc warrior (D:7)
  5 ogres
  A centaur (D:4)
  2 big kobolds
  2 bullfrogs
  2 scorpions
  3 vampire bats
  A bullfrog zombie (D:7)
  A crimson imp (D:6)
  2 jellies
  4 hounds
  Crazy Yiuf (D:2)
  An orc priest (D:4)
  A gnoll shaman (D:3)
  5 orc wizards
  An iguana (D:4)
  4 worker ants
  45 gnolls
  2 river rats (Sewer)
  13 adders
  3 oozes
  3 worms
  5 dart slugs
  3 fire bats (D:4)
  6 leopard geckos
  25 orcs
  2 spectral bats (D:4)
  18 bats
  6 bat skeletons
  4 bat zombies
  7 giant cockroaches
  11 hobgoblins
  26 jackals
  17 kobolds
  6 quokkas
  A bat simulacrum (D:4)
  5 frilled lizards
  3 goblins
  13 rats
263 creatures vanquished.

Vanquished Creatures (collateral kills)
  An orc wizard (D:5)
1 creature vanquished.

Grand Total: 264 creatures vanquished

Notes
Turn   | Place    | Note
-------+----------+-------------------------------------------
     0 | D:1      | sankara the Draconian Enchanter began the quest for the Orb.
     0 | D:1      | Reached XP level 1. HP: 14/14 MP: 3/3
   325 | D:1      | Reached skill level 3 in Stealth
   325 | D:1      | Reached XP level 2. HP: 20/20 MP: 5/5
   339 | D:1      | Learned a level 2 spell: Ensorcelled Hibernation
   729 | D:1      | Reached XP level 3. HP: 26/26 MP: 6/6
  1302 | D:2      | Reached skill level 1 in Ice Magic
  1599 | D:2      | Found a shadowy altar of Dithmenos.
  1611 | D:2      | Became a worshipper of Dithmenos the Shadowed
  1673 | D:2      | Found an ancient bone altar of Kikubaaqudgha.
  1696 | D:2      | Gained mutation: Your system is resistant to poisons. (rPois) [potion of mutation]
  1696 | D:2      | Gained mutation: You occasionally shout uncontrollably at your foes. [potion of mutation]
  1696 | D:2      | Gained mutation: You expend magic power (3 MP) to strengthen your wands. [potion of mutation]
  1696 | D:2      | Gained mutation: Your skin changes colour to match your surroundings (Stealth+). [potion of mutation]
  2431 | D:1      | Learned a level 3 spell: Confuse
  2489 | D:2      | Reached XP level 4. HP: 20/33 MP: 7/7
  2628 | D:2      | Found a runed door.
  2983 | D:2      | Lost mutation: Your skin changes colour to match your surroundings (Stealth+). [potion of mutation]
  2983 | D:2      | Gained mutation: Scrolls take you a little longer to read. [potion of mutation]
  2983 | D:2      | Gained mutation: You have sharp toenails. [potion of mutation]
  2983 | D:2      | Gained mutation: You have a pair of small antennae on your head. [potion of mutation]
  2999 | D:2      | Found an opulent altar of Gozag.
  3091 | D:2      | Reached skill level 4 in Stealth
  3256 | D:2      | Noticed Crazy Yiuf
  3265 | D:2      | Killed Crazy Yiuf
  3265 | D:2      | Reached skill level 1 in Fighting
  3265 | D:2      | Reached XP level 5. HP: 25/40 MP: 9/9
  3915 | D:3      | Reached * piety under Dithmenos
  4068 | D:3      | Found a sparkling altar of Nemelex Xobeh.
  4218 | D:3      | Learned a level 3 spell: Tukima's Dance
  4284 | D:3      | Reached XP level 6. HP: 48/48 MP: 10/10
  4868 | D:3      | Reached ** piety under Dithmenos
  5248 | D:3      | Reached skill level 5 in Stealth
  6050 | D:3      | Your scales start taking on a dull iron-grey colour.
  6050 | D:3      | Reached XP level 7. HP: 55/55 MP: 11/11
  6050 | D:3      | Gained mutation: You can survive without breathing. [Grey Draconian growth]
  6109 | D:3      | Reached skill level 6 in Stealth
  6387 | D:3      | Reached skill level 1 in Long Blades
  6506 | D:3      | Reached *** piety under Dithmenos
  6919 | D:4      | Reached skill level 7 in Stealth
  7074 | D:4      | Reached XP level 8. HP: 61/61 MP: 9/12
  7076 | D:4      | Reached skill level 5 in Hexes
  7370 | D:4      | Found a sacrificial altar of Ru.
  7412 | D:4      | Reached **** piety under Dithmenos
  7979 | D:5      | Entered Level 5 of the Dungeon
  8026 | D:5      | Found a glowing drain.
  8069 | Sewer    | Entered a sewer
  8182 | Sewer    | Reached skill level 8 in Stealth
  8284 | Sewer    | Found a white marble altar of Elyvilon.
  8304 | Sewer    | Learned a level 3 spell: Dazzling Spray
  8409 | D:5      | Found a blossoming altar of Fedhas.
  8857 | D:5      | Found a shimmering altar of Xom.
  8984 | D:5      | Reached skill level 1 in Conjurations
  9196 | D:6      | Reached ***** piety under Dithmenos
  9473 | D:6      | Found a burning altar of Makhleb.
  9570 | D:6      | Found a sparkling altar of Nemelex Xobeh.
  9590 | D:6      | Found a shattered altar of Ashenzari.
  9631 | D:6      | Reached XP level 9. HP: 67/67 MP: 13/13
  9770 | D:6      | Found Keesotte's Weapon Shop.
 10133 | D:7      | Found Nampa's Magic Scroll Emporium.
 10177 | D:7      | Lost mutation: You occasionally shout uncontrollably at your foes. [potion of mutation]
 10177 | D:7      | Lost mutation: You expend magic power (3 MP) to strengthen your wands. [potion of mutation]
 10177 | D:7      | Lost mutation: Scrolls take you a little longer to read. [potion of mutation]
 10177 | D:7      | Gained mutation: You expend magic power (3 MP) to strengthen your wands. [potion of mutation]
 10177 | D:7      | Gained mutation: You are resistant to electric shocks. (rElec) [potion of mutation]
 10177 | D:7      | Gained mutation: Your large and strong wings let you fly indefinitely. [potion of mutation]
 10300 | D:7      | Noticed Joseph
 10333 | D:7      | Killed Joseph
 10333 | D:7      | Reached skill level 9 in Stealth
 10861 | D:7      | Found a staircase to the Ecumenical Temple.
 11367 | D:8      | Noticed a two-headed ogre
 11379 | D:8      | Mangled by a two-headed ogre

Skill      XL: |  1  2  3  4  5  6  7  8  9 |
---------------+----------------------------+-----
Stealth        | 3 4 5 7 8 9 |  9.1
Hexes          | 3 4 5 6 |  6.4
Ice Magic      | 1 2 |  2.0
Fighting       | 1 2 3 |  3.5
Spellcasting   | 3 |  3.3
Long Blades    | 2 3 4 |  4.7
Conjurations   | 1 2 |  2.0
Dodging        | 3 |  3.2
Short Blades   | |  1.0

Action                   |  1- 3 |  4- 6 |  7- 9 || total
-------------------------+-------+-------+-------++-------
Melee: Dagger            |   176 |   239 |   366 ||   781
       Tailslap          |    15 |    14 |    63 ||    92
       Kick              |       |    43 |    36 ||    79
       Falchion          |       |       |   208 ||   208
Throw: Stone             |       |     2 |       ||     2
 Cast: Ensorcelled Hiber |     2 |    60 |    65 ||   127
       Confuse           |       |       |     3 ||     3
       Tukima's Dance    |       |       |     1 ||     1
 Abil: Fly               |       |       |     1 ||     1
  Use: Potion            |     3 |     1 |     2 ||     6
       Scroll            |       |     1 |    16 ||    17
 Stab: Sleeping          |    15 |    37 |    55 ||   107
       Distracted        |       |     1 |     1 ||     2
       Confused          |       |       |     1 ||     1
  Eat: Chunk             |     4 |    16 |    22 ||    42
Armor: Skin              |   126 |    91 |   213 ||   430
Dodge: Dodged            |   202 |   202 |   549 ||   953
       Rpst.: Falchion   |       |       |    76 ||    76
